 Dungeon Crawl Stone Soup version 0.29-a0-997-gf6f7e2dfe7 (webtiles) character file.

Game seed: 3530233769760784491

24 Newt the Vexing (level 3, 0/20 HPs)
             Began as a Kobold Arcane Marksman on Aug 4, 2022.
             Slain by a worm (8 damage)
             ... on level 1 of the Dungeon.
             The game lasted 00:01:18 (546 turns).

Newt the Vexing (Kobold Arcane Marksman)             Turns: 546, Time: 00:01:18

Health: 0/20       AC:  4    Str:  9    XL:     3   Next: 15%
Magic:  2/4        EV: 15    Int: 14    God:
Gold:   43         SH:  5    Dex: 15    Spells: 3/4 levels left

rFire   . . .      SeeInvis .   a - +1 sling
rCold   . . .      Faith    .   (no shield)
rNeg    . . .      Spirit   .   c - +0 robe
rPois   .          Reflect  +   (no helmet)
rElec   .          Harm     .   (no cloak)
rCorr   .          Rampage  .   h - +1 pair of gloves
Will    .....                   (no boots)
Stlth   ++........              d - amulet of reflection
HPRegen 0.06/turn               (no ring)
MPRegen 0.09/turn               (no ring)

@: no status effects
A: small, no large weapons, nightstalker 3
a: no special abilities


You were on level 1 of the Dungeon.
You visited 1 branch of the dungeon, and saw 2 of its levels.

You collected 43 gold pieces.

Inventory:

Hand Weapons
 a - a +1 sling (weapon)
Armour
 c - a +0 robe (worn)
 h - a +1 pair of gloves (worn)
Jewellery
 d - an amulet of reflection (around neck)
Scrolls
 b - 2 scrolls of vulnerability
 f - a scroll of teleportation {unknown}
 g - a scroll of magic mapping {unknown}
 i - a scroll of torment {unknown}
 j - a scroll of poison {unknown}
Potions
 e - a potion of haste {unknown}
 k - 3 potions of curing {unknown}


   Skills:
 + Level 1.2 Fighting
 * Level 3.2 Ranged Weapons
 + Level 2.8 Dodging
 + Level 1.2 Spellcasting
 + Level 3.5 Hexes


You had 3 spell levels left.
You knew the following spells:

 Your Spells              Type           Power      Damage    Failure   Level
a - Slow                  Hex            40%        N/A       6%          1

Your spell library contained the following spells:

 Spells                   Type           Power      Damage    Failure   Level
 Inner Flame              Hex/Fire       5%         N/A       36%         3
 Portal Projectile        Hex/Tloc       10%        N/A       36%         3
 Call Canine Familiar     Summ           0%         N/A       61%         3
 Cause Fear               Hex            5%         N/A       52%         4
 Leda's Liquefaction      Hex/Erth       2%         N/A       77%         4


Dungeon Overview and Level Annotations

Branches:
Dungeon (2/15)

Altars:


Innate Abilities, Weirdness & Mutations

You are small and have problems with some larger weapons.
You are completely attuned to the shadows.


Message History

The worm is lightly wounded.
Fire: a) +1 sling
Press: ? - help, Shift-Dir - straight line, f/p - worm
Aim: a worm (lightly wounded, slow, 77% to hit)
You shoot a sling bullet. The sling bullet hits the worm.
The worm is moderately wounded.
Fire: a) +1 sling
Press: ? - help, Shift-Dir - straight line, f/p - worm
Aim: a worm (moderately wounded, slow, 77% to hit)
You shoot a sling bullet.
The sling bullet barely misses the worm.
Fire: a) +1 sling
Press: ? - help, Shift-Dir - straight line, f/p - worm
Aim: a worm (moderately wounded, slow, 77% to hit)
You shoot a sling bullet. The sling bullet hits the worm.
The worm is moderately wounded.
Fire: a) +1 sling
Press: ? - help, Shift-Dir - straight line, f/p - worm
Aim: a worm (moderately wounded, slow, 77% to hit)
You shoot a sling bullet. The sling bullet hits the worm.
The worm is heavily wounded.
Fire: a) +1 sling
Press: ? - help, Shift-Dir - straight line, f/p - worm
Aim: a worm (heavily wounded, slow, 77% to hit)
You shoot a sling bullet. The sling bullet hits the worm.
The worm is severely wounded.
The worm is no longer moving slowly.
Casting: Slow (safe; 6% risk of failure)
Confirm with . or Enter, or press ? or * to list all spells.
Aiming: Slow (safe; 6% risk of failure)
Press: ? - help, Shift-Dir - straight line, f/p - worm
Aim: a worm (heavily wounded, chance to affect: 57%)
The worm resists with significant effort.
Casting: Slow (safe; 6% risk of failure)
Confirm with . or Enter, or press ? or * to list all spells.
Aiming: Slow (safe; 6% risk of failure)
Press: ? - help, Shift-Dir - straight line, f/p - worm
Aim: a worm (heavily wounded, chance to affect: 57%)
The worm seems to slow down.
The worm bites you!
You die...

### #.####
#.@..##
#w##..# #####
#.###.# #.>.#
#.# #.##
#...# #.#
#..# #[..#
#.####.#
#...####
#...##.##
####
#......###
###.##..####
##...
##........###
#.###....#
##....


You could see a worm (slow).

Vanquished Creatures
  An adder (D:1)
  4 endoplasms (D:1)
  2 goblins (D:1)
  A hobgoblin (D:1)
  2 ball pythons (D:1)
  2 frilled lizards (D:1)
  2 kobolds (D:1)
  2 rats (D:1)
16 creatures vanquished.

Notes
Turn   | Place    | Note
-------+----------+-------------------------------------------
     0 | D:1      | Newt the Kobold Arcane Marksman began the quest for the
                  | Orb.
     0 | D:1      | Reached XP level 1. HP: 12/12 MP: 2/2
   146 | D:1      | Reached XP level 2. HP: 16/16 MP: 3/3
   365 | D:1      | Reached XP level 3. HP: 14/20 MP: 4/4
   546 | D:1      | Slain by a worm

Illustrated notes

Levels and vault maps discovered:
D:1:      heliophobic_arrival_enchanted_forest, layout_rooms
D:2:      layout_basic, dreamdust_ecumenical_altar_angels_and_demons,
          serial_shops, nicolae_diamond_shop

Skill      XL: |  1 |
---------------+----+-----
Ranged Weapons | 3 |  3.2
Fighting       | |  1.2
Dodging        | |  2.8
Spellcasting   | |  1.2
Hexes          | |  3.5

Action                   || total
-------------------------++-------
 Fire: Sling             ||    43
 Cast: Slow              ||     3
Armor: Robe              ||     6
Dodge: Dodged            ||    32
Block: Other             ||     5

Table legend: (Time is in decaauts)
 A = Elapsed time spent in this place.
 B = Non-inter-level travel time spent in this place.
 C = Inter-level travel time spent in this place.
 D = Time resting spent in this place.
 E = Time spent auto-exploring this place.
 F = Levels seen in this place.
 G = Mean time per level.
                   A        B        C        D        E       F      G
               +--------+--------+--------+--------+--------+-----+--------+
         Total |    557 |    543 |     14 |    147 |    275 |   2 |  278.5 |
       Dungeon |    557 |    543 |     14 |    147 |    275 |   2 |  278.5 |
               +--------+--------+--------+--------+--------+-----+--------+

Top non-repeatable levels by time:
     D:1: 550 daAuts
     D:2: 6 daAuts
